Map: Oxide LE

Players

sulkosaurus - Winner!

  • Race: Protoss Protoss
  • League: Diamond
  • Spawn Location: 7:00

A.I. 1 (Elite)

  • Race: Terran Terran
  • Spawn Location: 1:00

VOD

Have the link to the VOD?

Description

Time

  • Played on: Dec. 28, 2020, 7:21 a.m.
  • Length: 10:09
Show
View Real Time Build Order
Export as new Build Order

sulkosaurus Protoss - Winner!

Build Orders: Colossus Rush 

Get SALT Encoding   

  12  0:00  Probe  
  13  0:12  Probe  
  14  0:18  Pylon  
  14  0:24  Probe (Chrono Boost)  
  15  0:38  Probe (Chrono Boost)  
  15  0:39  Gateway  
  16  0:44  Probe (Chrono Boost)  
  16  0:47  Assimilator  
  17  0:52  Probe  
  18  1:04  Probe  
  19  1:16  Probe  
  20  1:26  Cybernetics Core  
  20  1:36  Nexus  
  20  1:41  Pylon  
  20  1:43  Probe  
  21  1:48  Assimilator  
  21  1:55  Probe  
  21  2:01  Adept (Chrono Boost)  
  22  2:05  Warp Gate  
  22  2:08  Probe (Chrono Boost)  
  25  2:19  Probe (Chrono Boost), Pylon  
  26  2:24  Probe (Chrono Boost)  
  27  2:30  Stalker  
  27  2:34  Probe  
  30  2:46  Probe, Robotics Facility  
  30  2:51  Probe  
  33  2:58  Probe (Chrono Boost)  
  33  2:59  Cybernetics Core  
  33  3:02  Gateway  
  34  3:07  Probe (Chrono Boost)  
  34  3:10  Probe (Chrono Boost)  
  35  3:17  Probe (Chrono Boost)  
  37  3:20  Probe (Chrono Boost)  
  37  3:21  Sentry  
  37  3:22  Probe (Chrono Boost)  
  37  3:25  Probe (Chrono Boost)  
  41  3:31  Probe  
  41  3:33  Robotics Bay  
  42  3:37  Probe, Observer  
  44  3:43  Pylon  
  44  3:44  Probe  
  45  3:49  Probe  
  45  3:54  Gateway  
  46  3:56  Probe  
  47  4:04  Gateway  
  47  4:05  Probe  
  47  4:08  Probe  
  49  4:13  Nexus  
  49  4:18  Probe, Stalker  
  49  4:20  Probe  
  53  4:27  Colossus (Chrono Boost)  
  53  4:30  Probe  
  60  4:32  Probe  
  60  4:36  Pylon  
  61  4:39  Observer  
  61  4:42  Probe, Assimilator  
  61  4:44  Assimilator  
  62  4:52  Pylon  
  62  4:54  Probe x2  
  62  4:58  Pylon  
  64  5:04  Extended Thermal Lance (Chrono Boost)  
  64  5:07  Probe  
  65  5:08  Probe  
  65  5:13  Pylon  
  66  5:19  Probe  
  66  5:20  Probe  
  68  5:24  Zealot  
  68  5:25  Zealot x3  
  76  5:31  Probe  
  76  5:32  Probe x2  
  76  5:35  Twilight Council, Colossus (Chrono Boost)  
  85  5:44  Probe x2  
  85  5:48  Probe  
  88  5:56  Probe x2  
  90  5:58  Forge  
  90  6:00  Probe, Forge  
  91  6:08  Probe x2  
  93  6:11  Pylon  
  93  6:12  Charge (Chrono Boost), Probe, Zealot  
  93  6:13  Zealot x2  
  100  6:18  Colossus (Chrono Boost)  
  100  6:22  Probe x2  
  100  6:24  Probe  
  109  6:33  Pylon  
  109  6:34  Probe x2  
  109  6:35  Pylon  
  109  6:37  Probe  
  109  6:38  Protoss Ground Armor Level 1 (Chrono Boost)  
  112  6:46  Protoss Ground Weapons Level 1 (Chrono Boost), Zealot x2  
  116  6:50  Gateway  
  116  6:51  Gateway  
  116  6:55  Pylon  
  116  6:59  Pylon  
  116  7:06  Templar Archives  
  116  7:07  Colossus  
  122  7:09  Zealot  
  122  7:10  Zealot x3  
  130  7:20  Gateway x2  
  130  7:29  Assimilator  
  130  7:32  Assimilator  
  130  7:38  Pylon  
  130  7:42  Zealot x3  
  130  7:43  Zealot  
  138  7:46  High Templar x2  
  138  7:49  Probe x2  
  138  7:50  Probe  
  138  7:51  Nexus  
  145  7:52  Pylon  
  145  7:54  Pylon  
  145  7:57  Pylon  
  145  8:01  Probe x2  
  145  8:02  Probe  
  145  8:03  Archon  
  145  8:04  High Templar  
  145  8:05  High Templar  
  152  8:07  Photon Cannon  
  152  8:10  Pylon, Shield Battery  
  152  8:12  Pylon  
  152  8:14  Shield Battery  
  152  8:15  Archon  
  152  8:16  High Templar x2  
  156  8:22  Archon  
  156  8:24  Zealot x3  
  150  8:43  Zealot  
  150  8:44  Zealot x4  
  150  8:52  Zealot x3  
  156  9:01  Pylon  
  156  9:03  Gateway  
  156  9:05  Gateway x2  
  156  9:08  Gateway  
  156  9:20  Zealot x8  
  178  9:42  Nexus  
  166  9:46  Pylon  
  166  9:47  Assimilator, Pylon  
  166  9:48  Assimilator  
  166  9:50  Pylon  
  164  9:54  High Templar x8  
Show
View Real Time Build Order
Export as new Build Order

A.I. 1 (Elite) Terran 

Build Orders:  

Get SALT Encoding   

  12  0:00  SCV  
  13  0:13  SCV  
  14  0:18  Supply Depot  
  14  0:25  SCV  
  15  0:29  Refinery  
  15  0:40  SCV  
  16  0:46  Barracks  
  16  0:52  SCV  
  18  1:04  SCV  
  18  1:16  SCV  
  19  1:34  Marine  
  19  1:35  Factory, Orbital Command  
  19  1:37  Supply Depot  
  20  1:50  Barracks  
  20  1:52  Marine  
  21  2:01  SCV  
  21  2:05  Refinery  
  22  2:10  Marine  
  22  2:13  SCV  
  24  2:22  Supply Depot, Factory Tech Lab  
  24  2:26  SCV  
  24  2:28  Marine  
  26  2:37  Marine  
  26  2:39  SCV  
  27  2:45  Siege Tank  
  27  2:50  Marine  
  31  2:52  SCV  
  31  2:54  Marine  
  33  3:01  Supply Depot  
  33  3:04  SCV  
  34  3:08  Marine  
  34  3:12  Marine  
  35  3:18  Siege Tank  
  39  3:23  SCV  
  39  3:25  Marine  
  41  3:30  Marine  
  42  3:34  Supply Depot  
  42  3:35  SCV  
  43  3:57  SCV, Command Center  
  43  4:02  Barracks Tech Lab  
  44  4:05  Barracks Tech Lab  
  44  4:09  SCV  
  45  4:14  Supply Depot  
  45  4:20  Marine  
  45  4:21  SCV  
  45  4:24  Marauder  
  49  4:32  Stimpack  
  49  4:33  SCV  
  49  4:37  Combat Shield  
  49  4:38  Marauder  
  52  4:45  Marauder  
  54  4:52  Engineering Bay  
  54  4:59  Marauder  
  56  5:06  Marauder  
  58  5:10  SCV  
  58  5:11  SCV  
  60  5:20  Terran Infantry Weapons Level 1  
  60  5:21  Marauder  
  62  5:22  SCV  
  62  5:23  SCV  
  62  5:28  Marauder  
  66  5:34  SCV  
  66  5:35  SCV  
  68  5:42  Engineering Bay, Marauder  
  70  5:44  Supply Depot  
  70  5:46  SCV  
  70  5:47  SCV  
  72  5:58  SCV  
  72  5:59  SCV  
  72  6:03  Concussive Shells, Marine  
  77  6:04  Marauder  
  77  6:07  Barracks  
  77  6:08  Terran Infantry Armor Level 1  
  77  6:10  SCV  
  78  6:11  Supply Depot  
  78  6:12  SCV  
  79  6:21  Marine  
  79  6:22  SCV  
  79  6:24  Command Center  
  81  6:27  SCV  
  81  6:32  Marauder  
  84  6:35  SCV  
  84  6:37  Supply Depot  
  85  6:42  Starport  
  85  6:44  Marine  
  86  6:53  Barracks Reactor, Orbital Command  
  86  6:54  Marauder  
  88  7:01  Missile Turret, Marine  
  88  7:02  Supply Depot  
  88  7:07  Missile Turret  
  89  7:14  Barracks  
  89  7:15  Marauder  
  91  7:18  Starport Reactor  
  91  7:19  Marine  
  92  7:26  Supply Depot  
  92  7:30  Marine  
  92  7:32  Marine  
  92  7:36  SCV  
  95  7:37  SCV, Marine  
  95  7:39  SCV  
  98  7:48  SCV  
  99  7:52  SCV, Refinery, Orbital Command  
  99  7:54  Viking, Medivac  
  104  8:00  SCV  
  104  8:04  SCV  
  106  8:08  Refinery  
  106  8:12  SCV  
  107  8:13  Armory  
  107  8:18  SCV, Refinery  
  107  8:19  SCV  
  109  8:24  Viking x2, SCV  
  109  8:26  Missile Turret  
  114  8:29  Supply Depot  
  114  8:30  SCV  
  114  8:32  SCV, Missile Turret  
  116  8:36  Marauder  
  116  8:37  SCV  
  109  8:41  Marauder  
  109  8:42  SCV, Marine  
  109  8:43  Marine  
  109  8:45  Marine  
  109  8:48  SCV  
  82  8:52  SCV  
  82  8:54  Viking, SCV, Medivac  
  82  8:57  Marine  
  82  9:00  SCV, Marine  
  82  9:01  Marine  
  88  9:03  Marine, Marauder  
  88  9:04  SCV  
  88  9:07  SCV  
  90  9:15  Marine  
  90  9:16  SCV  
  88  9:18  Marine  
  88  9:19  SCV  
  88  9:20  Marine  
  90  9:24  Marauder  
  90  9:29  SCV  
  90  9:31  SCV  
  80  9:34  Marauder  
  70  9:45  Marauder  
Tags
 
League
Diamond
Matchup
PvT
Spawn Locations
Cross Positions
Add a new tag
Caveats
  • Supply blocks, unpowered buildings, or Contaminate may cause inaccurate times.
  • Supply counts are checked every 10 seconds.